Map: Blackburn LE

Players

SpeCial - Winner!

  • Race: Terran Terran

JimRising

  • Race: Zerg Zerg

Event: DreamHack SC2 Masters 2021 Fall

VOD

Have the link to the VOD?

Description

Time

  • Played on: July 28, 2021, 5:27 p.m.
  • Length: 6:51

All games in this series

Show
View Real Time Build Order
Export as new Build Order

SpeCial Terran - Winner!

Build Orders:  

Get SALT Encoding   

  12  0:01  SCV  
  13  0:13  SCV  
  14  0:18  Supply Depot  
  14  0:25  SCV  
  15  0:40  Barracks  
  15  0:52  Barracks  
  15  0:55  SCV  
  16  1:07  SCV  
  17  1:19  SCV  
  17  1:20  Refinery  
  18  1:28  Marine  
  18  1:31  Orbital Command  
  19  1:38  Marine  
  20  1:40  Supply Depot  
  20  1:46  Marine  
  21  1:56  Marine, Bunker  
  21  1:58  SCV  
  23  2:04  Marine  
  23  2:07  Bunker  
  24  2:10  SCV  
  24  2:14  Marine  
  26  2:22  Marine  
  27  2:25  SCV  
  27  2:27  Factory  
  28  2:34  Marine  
  29  2:39  Marine  
  29  2:41  Supply Depot  
  30  2:44  SCV  
  31  3:02  Marine x2  
  31  3:03  SCV  
  34  3:11  Starport  
  34  3:12  Factory Tech Lab  
  34  3:14  Refinery  
  34  3:17  SCV  
  34  3:18  Supply Depot  
  35  3:29  SCV  
  36  3:42  SCV  
  36  3:46  Cyclone  
  40  3:54  SCV  
  41  3:58  Command Center  
  41  4:06  Supply Depot, SCV  
  42  4:18  Siege Tank  
  42  4:20  Bunker  
  45  4:28  Supply Depot  
  45  4:30  Medivac  
  47  4:36  Marine x2  
  49  4:50  Siege Tank  
  52  4:54  Marine x2  
  54  5:10  Orbital Command  
  54  5:14  Marine x2  
  56  5:22  SCV  
  56  5:25  Supply Depot  
  56  5:26  Siege Tank  
  56  5:27  Orbital Command  
  60  5:33  Marine x2  
  62  5:38  Liberator  
  62  5:40  SCV  
  66  5:51  Marine x2  
  66  5:52  SCV  
  66  5:55  SCV  
  71  6:04  SCV  
  71  6:07  SCV  
  71  6:08  Siege Tank  
  71  6:09  Marine x2  
  77  6:12  Supply Depot  
  77  6:16  SCV  
  77  6:19  Command Center  
  77  6:20  SCV  
  78  6:28  Barracks Reactor  
  78  6:29  Barracks Tech Lab  
  78  6:31  SCV, Starport Reactor  
  78  6:32  SCV  
  80  6:34  Barracks  
  80  6:35  Supply Depot  
Show
View Real Time Build Order
Export as new Build Order

JimRising Zerg 

Build Orders: Hatch First, Roach Nydus 

Get SALT Encoding   

  12  0:00  Drone  
  13  0:13  Overlord  
  13  0:19  Drone  
  14  0:32  Drone x2  
  16  0:49  Hatchery  
  15  0:52  Drone  
  15  0:56  Drone  
  17  1:00  Drone  
  18  1:06  Extractor  
  17  1:18  Spawning Pool  
  16  1:19  Drone  
  16  1:22  Drone  
  18  1:29  Drone  
  19  1:42  Drone  
  20  1:52  Overlord  
  20  2:05  Queen  
  20  2:07  Zergling x4, Roach Warren  
  23  2:17  Extractor, Drone  
  23  2:25  Drone  
  23  2:26  Drone x2  
  26  2:35  Overlord  
  26  2:48  Roach  
  26  2:49  Roach  
  26  2:50  Roach  
  32  2:55  Lair  
  32  2:59  Roach  
  34  3:11  Overlord  
  34  3:16  Roach x2  
  38  3:24  Overlord  
  38  3:33  Ravager x2  
  40  3:35  Ravager  
  41  3:55  Queen, Drone  
  42  4:02  Zergling x2, Nydus Network  
  44  4:03  Zergling x6  
  47  4:12  Overlord  
  47  4:20  Overlord  
  47  4:23  Ravager  
  48  4:41  Roach x2  
  48  4:45  Zergling x4  
  54  4:46  Queen  
  54  5:11  Drone  
  55  5:16  Drone x2  
  55  5:17  Hatchery  
  56  5:26  Metabolic Boost  
  56  5:30  Drone x2  
  58  5:37  Drone x2  
  60  5:53  Drone x2  
  60  6:03  Drone  
  61  6:04  Overlord  
  61  6:13  Overlord  
  61  6:20  Drone  
  62  6:29  Drone x2  
  62  6:30  Drone  

Tags
 
Add a new tag
Caveats
  • Supply blocks, unpowered buildings, or Contaminate may cause inaccurate times.
  • Supply counts are checked every 10 seconds.